 Dungeon Sprint DCSS version 0.31.0-12-g77e489cdc1 (webtiles) character file.

Game seed: 9462883033061505966

428 Heoruswealwe the Spear-Bearer (level 6, -7/64 HPs)
             Began as a Minotaur Fighter on Mar 4, 2024.
             Killed from afar by an orc wizard (9 damage)
             ... with a magic dart
             ... in the Dungeon (Sprint IX: "|||||||||||||||||||||||||||||").
             The game lasted 00:00:57 (99 turns).

Heoruswealwe the Spear-Bearer (Minotaur Fighter)      Turns: 99, Time: 00:00:58

Health: -7/64      AC:  8    Str: 22    XL:     6   Next: 65%
Magic:  5/5        EV:  9    Int:  5    God:
Gold:   0          SH:  4    Dex: 10    Spells: 5/5 levels left

rFire   . . .        a - +0 trident
rCold   . . .        d - +0 buckler
rNeg    . . .        c - +0 scale mail
rPois   .            (helmet restricted)
rElec   .            (no cloak)
rCorr   .            (no gloves)
SInv    .            (no boots)
Will    .....        (no amulet) Stlth
                     (no ring)
HPRegen 0.30/turn    (no ring)
MPRegen 0.09/turn

%: no teleportation
@: no status effects
A: horns 2, retaliatory headbutt
a: no special abilities


You were in the Dungeon.
You visited 1 branch

Inventory:

Hand Weapons
 a - a +0 trident (weapon)
Armour
 c - a +0 scale mail (worn)
 d - a +0 buckler (worn)
Jewellery
 n - a +3 ring of intelligence
 o - a +3 ring of intelligence
Wands
 m - a wand of roots (10)
Scrolls
 j - 2 scrolls of blinking
 l - 2 scrolls of amnesia
Potions
 b - a potion of might
 e - a potion of invisibility
 f - 3 potions of heal wounds
 g - a potion of haste
 h - 2 potions of magic
 i - a potion of berserk rage
 k - 4 potions of curing


   Skills:
 + Level 9.4 Fighting
 * Level 12.3 Polearms
 + Level 9.4 Armour
 - Level 3.6 Shields


You had 5 spell levels left.
You didn't know any spells.
Your spell library was empty.

Dungeon Overview and Level Annotations

Branches:
Dungeon (1/1)

Altars:
Cheibriados
Dithmenos
Elyvilon
Fedhas
Gozag
Hepliaklqana
Kikubaaqudgha
Makhleb
Nemelex Xobeh
Okawaru
Qazlal
Ru
Sif Muna
Trog
Uskayaw
Vehumet
Wu Jian
Xom
Yredelemnul
Zin
The Shining One
Jiyva
Lugonu


Innate Abilities, Weirdness & Mutations

You have a pair of horns on your head.
You reflexively headbutt those who attack you in melee.


Message History

You puncture the yak!
The yak is lightly wounded.
You puncture the yak! You headbutt the yak, but do no damage.
The yak is heavily wounded.
The yak gores you but does no damage.
You puncture the yak! Your headbutt misses the yak.
The yak is severely wounded.
The yak gores you!
* * * LOW HITPOINT WARNING * * *
You closely miss the yak.
The yak is severely wounded.
You block the yak's attack.
You hit the yak. You headbutt the yak.
The yak is almost dead.
You barely miss the yak.
The yak is almost dead.
The yak closely misses you.
The orc wizard gestures wildly while chanting.
The orc wizard flickers and vanishes!
Deactivating autopickup; reactivate with Ctrl-A.
You hit the yak but do no damage.
The yak is almost dead.
The yak gores you!
* * * LOW HITPOINT WARNING * * *
You hit the yak.
The yak is almost dead.
The yak gores you but does no damage.
You hit the yak.
You kill the yak!
Your Fighting skill increases to level 9!
Your Polearms skill increases to level 12!
Your Armour skill increases to level 9!
You closely miss something. You barely miss something. You headbutt something!
Something hits you but does no damage.
You hit something.
You hear some strange, mumbled words.
A magic dart appears from out of thin air!
The magic dart hits you!
You die... ▓▓▓▓▓▓▓▓▓▓▓▓▓▓▓▓▓▓▓▓▓▓▓▓ ...oTk{@.[[[.).!'_______ ▓▓▓▓▓▓▓▓▓▓▓▓▓▓▓▓▓▓▓▓▓▓▓▓

You could see a troll, a wyvern and an orc wizard.

Vanquished Creatures
  2 yaks (D)
  A scorpion (D)
  2 hounds (D)
  A gnoll (D)
  A ribbon worm (D)
  A goblin (D)
  A kobold (D)
  A frilled lizard (D)
  2 rats (D)
12 creatures vanquished.

Notes
Turn   | Place    | Note
-------+----------+-------------------------------------------
     0 | D        | Heoruswealwe the Minotaur Fighter began the quest for the
                  | Orb.
     0 | D        | Reached XP level 1. HP: 19/19 MP: 0/0
     9 | D        | Reached skill level 3 in Polearms
    19 | D        | Noticed a hound
    19 | D        | Noticed a scorpion
    19 | D        | Noticed a hound
    21 | D        | Killed a hound
    22 | D        | Reached skill level 5 in Fighting
    22 | D        | Reached skill level 5 in Polearms
    22 | D        | Reached skill level 5 in Armour
    22 | D        | Reached XP level 2. HP: 23/29 MP: 1/1
    22 | D        | Reached XP level 3. HP: 29/36 MP: 2/2
    24 | D        | Reached skill level 6 in Polearms
    29 | D        | Killed a scorpion
    30 | D        | Reached skill level 8 in Polearms
    30 | D        | Reached XP level 4. HP: 45/45 MP: 3/3
    32 | D        | Reached XP level 5. HP: 52/52 MP: 4/4
    39 | D        | Found a snail-covered altar of Cheibriados.
    39 | D        | Found a shadowy altar of Dithmenos.
    39 | D        | Found a white marble altar of Elyvilon.
    39 | D        | Found a blossoming altar of Fedhas.
    39 | D        | Found an opulent altar of Gozag.
    40 | D        | Found a hazy altar of Hepliaklqana.
    41 | D        | Found a viscous altar of Jiyva.
    42 | D        | Found an ancient bone altar of Kikubaaqudgha.
    43 | D        | Found a corrupted altar of Lugonu.
    44 | D        | Found a burning altar of Makhleb.
    45 | D        | Found a sparkling altar of Nemelex Xobeh.
    46 | D        | Found an iron altar of Okawaru.
    47 | D        | Found a stormy altar of Qazlal.
    48 | D        | Found a sacrificial altar of Ru.
    49 | D        | Found a shimmering blue altar of Sif Muna.
    50 | D        | Found a bloodstained altar of Trog.
    51 | D        | Found a hide-covered altar of Uskayaw.
    52 | D        | Found a radiant altar of Vehumet.
    53 | D        | Found an ornate altar of the Wu Jian Council.
    54 | D        | Found a shimmering altar of Xom.
    55 | D        | Found a basalt altar of Yredelemnul.
    56 | D        | Found a glowing silver altar of Zin.
    57 | D        | Found a glowing golden altar of the Shining One.
    81 | D        | Noticed a troll
    81 | D        | Noticed a wyvern
    81 | D        | Noticed a yak
    81 | D        | Noticed a yak
    87 | D        | Killed a yak
    88 | D        | Reached skill level 11 in Polearms
    88 | D        | Reached XP level 6. HP: 18/62 MP: 5/5
    94 | D        | HP: 1/62 [yak (12)]
    96 | D        | Killed a yak
    97 | D        | Reached skill level 12 in Polearms
    99 | D        | Killed from afar by an orc wizard

Illustrated notes

Levels and vault maps discovered:
D:        linesprint [early_d, line_temple, items_1, d_10, items_2, lair_1,
          lair_end, items_3, orc_1, orc_end, items_4, d_15, swamp_1, shoals_1,
          snake_1, spider_1, d_20, vaults_1, items_5, swamp_end, shoals_end,
          snake_end, spider_end, vaults_end, d_27, items_6, zot_1, zot_end,
          crypt_end, forest_end, elf_end, slime_end, tomb_end, abyss_end,
          pan_hell_end]

Skill      XL: |  1  2  3  4  5  6 |
---------------+-------------------+-----
Polearms       | 5 8 11 12 | 12.3
Fighting       | 5 6 7 8 9 |  9.4
Armour         | 5 6 8 9 |  9.4
Shields        | |  3.6

Action                     |  1- 3 |  4- 6 || total
---------------------------+-------+-------++-------
  Melee: Trident           |    17 |    22 ||    39
         Headbutt          |     3 |     6 ||     9
    Use: Potion            |     1 |       ||     1
 Armour: Scale mail        |    11 |    10 ||    21
  Dodge: Dodged            |     5 |     4 ||     9
  Block: Buckler           |     2 |     1 ||     3
